 Dungeon Crawl Stone Soup version 0.32-a0-673-g3729bd50f8 (webtiles) character file.

Game seed: 2780647817769210607

67 djent the Trooper (level 3, -1/23 HPs)
             Began as a Deep Elf Fighter on Mar 11, 2024.
             Slain by a goblin
             ... wielding a +0 club
             ... led by Robin
              (6 damage)
             ... on level 3 of the Dungeon.
             The game lasted 00:03:31 (1985 turns).

djent the Trooper (Deep Elf Fighter)                Turns: 1985, Time: 00:03:32

Health: -1/23      AC:  9    Str: 13    XL:     3   Next: 98%
Magic:  5/5        EV:  9    Int: 12    God:
Gold:   82         SH:  6    Dex: 22    Spells: 2/2 levels left

rFire   + . .        a - +0 rapier
rCold   + . .        c - +0 buckler
rNeg    . . .        i - +3 ring mail
rPois   +            (no helmet)
rElec   +            (no cloak)
rCorr   +            (no gloves)
SInv    .            r - +0 pair of boots
Will    .....        (no amulet)
Stlth   +            k - +6 ring of dexterity {yoooooooooo}
HPRegen 0.23/turn    (no ring)
MPRegen 0.09/turn

%: no passive effects
@: lethally poisoned (-1 -> -5), resistant
A: no striking features
a: no special abilities


You were on level 3 of the Dungeon.
You visited 1 branch of the dungeon, and saw 3 of its levels.

You collected 82 gold pieces.

Inventory:

Hand Weapons
 a - a +0 rapier (weapon)
Missiles
 f - 6 javelins (quivered)
Armour
 b - a +0 scale mail
 c - a +0 buckler (worn)
 i - a +3 ring mail (worn)
 r - a +0 pair of boots (worn)
Jewellery
 k - a +6 ring of dexterity (left hand) {yoooooooooo}
Scrolls
 e - a scroll of teleportation {unknown}
 h - 5 scrolls of identify {unknown}
 j - 3 scrolls of poison {unknown}
 m - a scroll of brand weapon {unknown}
 n - a scroll of immolation {unknown}
 p - 2 scrolls of fog {unknown}
Potions
 d - 4 potions of might
 l - a potion of enlightenment {unknown}
 o - a potion of heal wounds {unknown}
 q - 4 potions of curing {unknown}


   Skills:
 + Level 3.1 Fighting
 + Level 2.9 Short Blades
 - Level 2.4 Armour
 + Level 3.0 Shields


You had 2 spell levels left.
You didn't know any spells.
Your spell library was empty.

Dungeon Overview and Level Annotations

Branches:
Dungeon (3/15)

Altars:

Annotations:
D:3 Robin


Message History

A goblin comes into view. It is wielding a +0 dagger.
The goblin moves out of view.
You see here 7 gold pieces.
A goblin comes into view.
It is wielding a +1 dagger of electrocution.
The goblin shouts!
You hear a shout!
A goblin comes into view. It is wielding a +1 dagger of venom.
Robin and a goblin come into view.
The goblin shouts! x2; You hear a shout!
Robin roars a battlecry!
The goblins go into a battle-frenzy!
You hit the goblin.
You kill the goblin!
Robin says, "My army is invincible!"
Found a stone staircase leading down.
You closely miss the goblin. The goblin hits you but does no damage.
You hit the goblin but do no damage. You block the goblin's attack.
The goblin hits you with a +1 dagger of electrocution.
The goblin hits you with a +0 dagger.
You puncture the goblin!
You kill the goblin!
You block the goblin's attack. The goblin barely misses you.
You barely miss the goblin. The goblin closely misses you.
The goblin hits you but does no damage.
You are poisoned.
The goblin hits you but does no damage. Robin throws the goblin at you!
You puncture the goblin!
You kill the goblin!
You feel sick. The goblin barely misses you.
The goblin hits you but does no damage.
You hit Robin.
Robin is moderately wounded.
You feel sick. The goblin hits you with a +0 club.
Robin says, "My army is invincible!"
Robin hits you with a +0 short sword.
* * * LOW HITPOINT WARNING * * *
You block the hobgoblin's attack. The goblin hits you but does no damage.
It was a potion of resistance.
You feel protected.
You feel sick. The goblin hits you with a +0 club.
You die...

#.... .>..
#.... ..... .
#....# .....
..#....###.....
...........#
##........#
#...ggg...#
#....@g...#
#...).....#
#.........+
#.)$......#
#.........#
#)######### #)#
##+#'#######
#..........#


You could see Robin, a hobgoblin (strong) and 2 goblins.

Vanquished Creatures
  2 adders (D:2)
  An endoplasm (D:2)
  A giant cockroach (D:2)
  12 goblins
  4 hobgoblins
  4 jackals (D:2)
  4 quokkas
  4 ball pythons
  6 bats
  3 frilled lizards (D:2)
  A kobold (D:1)
  2 rats
44 creatures vanquished.

Notes
Turn   | Place    | Note
-------+----------+-------------------------------------------
     0 | D:1      | djent the Deep Elf Fighter began the quest for the Orb.
     0 | D:1      | Reached XP level 1. HP: 13/13 MP: 3/3
   833 | D:1      | Reached XP level 2. HP: 17/18 MP: 4/4
  1393 | D:2      | Reached XP level 3. HP: 22/22 MP: 5/5
  1976 | D:3      | Noticed Robin
  1985 | D:3      | Slain by a goblin

Illustrated notes

Levels and vault maps discovered:
D:1:      nicolae_arrival_memento_mori, layout_basic
D:2:      layout_basic
D:3:      layout_basic, hangedman_feature_mirror, minmay_misc_feat_room,
          uniq_robin, uniq_natasha

Skill      XL: |  1  2  3 |
---------------+----------+-----
Fighting       | 3 |  3.1
Shields        | 3 |  3.0
Short Blades   | |  2.9
Armour         | |  2.4

Action                     || total
---------------------------++-------
  Melee: Rapier            ||   122
    Use: Potion            ||     1
   Stab: Sleeping          ||     1
 Armour: Scale mail        ||    13
         Ring mail         ||    83
  Dodge: Dodged            ||    54
  Block: Buckler           ||    43

Table legend: (Time is in decaauts)
 A = Elapsed time spent in this place.
 B = Non-inter-level travel time spent in this place.
 C = Inter-level travel time spent in this place.
 D = Time resting spent in this place.
 E = Time spent auto-exploring this place.
 F = Levels seen in this place.
 G = Mean time per level.
                   A        B        C        D        E       F      G
               +--------+--------+--------+--------+--------+-----+--------+
         Total |   1998 |   1900 |     98 |      0 |   1563 |   3 |  666.0 |
       Dungeon |   1998 |   1900 |     98 |      0 |   1563 |   3 |  666.0 |
               +--------+--------+--------+--------+--------+-----+--------+

Top non-repeatable levels by time:
     D:1: 944 daAuts
     D:2: 794 daAuts
     D:3: 259 daAuts
